 Dungeon Crawl Stone Soup version 0.30-a0-672-gc3a7216ad8 (webtiles) character file.

Game seed: 5905478886819980733

284 NinjaNoafa the Conjurer (level 6, 0/36 (44) HPs)
             Began as a Gnoll Conjurer on Jan 18, 2023.
             Was an Initiate of Cheibriados.
             Slain by Duvessa
             ... wielding a +0 rapier of draining
              (2 damage)
             ... on level 4 of the Dungeon on Jan 19, 2023.
             The game lasted 00:07:38 (3538 turns).

NinjaNoafa the Conjurer (Gnoll Conjurer)            Turns: 3538, Time: 00:07:39

HP:   0/36 (44)     AC:  2    Str:  7    XL:     6   Next: 29%
MP:   8/14          EV: 13    Int: 21    God:    Cheibriados [......]
Gold: 44            SH:  0    Dex: 11    Spells: 9/15 levels left

rFire   . . .      SeeInvis .    f - +0 dagger
rCold   . . .      Faith    .    (no shield)
rNeg    . . .      Spirit   .    a - +0 robe
rPois   .          Reflect  .    (no helmet)
rElec   .          Harm     .    (no cloak)
rCorr   .          Rampage  .    (no gloves)
Will    ++...                    (no boots)
Stlth   +++                      (no amulet)
HPRegen 0.26/turn                i - ring of willpower
MPRegen 0.14/turn                k - ring of willpower

@: heavily drained, very slow
A: fangs 1, strong nose, distributed training
a: Renounce Religion


You were on level 4 of the Dungeon.
You worshipped Cheibriados.
Cheibriados was noncommittal.
You visited 2 branches of the dungeon, and saw 5 of its levels.

You collected 151 gold pieces.
You spent 107 gold pieces at shops.

Inventory:

Hand Weapons
 f - a +0 dagger (weapon)
Missiles
 m - 2 poisoned darts
 t - 3 atropa-tipped darts
Armour
 a - a +0 robe (worn)
Jewellery
 i - a ring of willpower (left hand)
 k - a ring of willpower (right hand)
Scrolls
 c - a scroll of noise {unknown}
 e - 3 scrolls of identify {unknown}
 j - 3 scrolls of fog {unknown}
 l - 3 scrolls of teleportation {unknown}
 n - a scroll of enchant weapon {unknown}
 o - a scroll of blinking {unknown}
 p - 2 scrolls of enchant armour {unknown}
Potions
 b - a potion of magic
 d - 2 potions of degeneration {unknown}
 g - a potion of heal wounds {unknown}
 h - a potion of curing {unknown}
 q - 2 potions of mutation {unknown}
 r - a potion of might {unknown}
 s - a potion of lignification {unknown}


   Skills:
 + Level 2.0 Fighting
 + Level 2.0 Short Blades
 + Level 2.0 Long Blades
 + Level 2.0 Axes
 + Level 2.0 Maces & Flails
 + Level 2.0 Polearms
 + Level 2.0 Staves
 + Level 2.0 Ranged Weapons
 + Level 2.0 Throwing
 + Level 2.0 Armour
 + Level 5.0 Dodging
 + Level 4.6 Stealth
 + Level 2.0 Shields
 + Level 2.0 Unarmed Combat
 + Level 5.4 Spellcasting
 + Level 7.3 Conjurations
 + Level 1.5 Hexes
 + Level 1.5 Summonings
 + Level 1.5 Necromancy
 + Level 1.5 Translocations
 + Level 1.5 Transmutations
 + Level 1.5 Fire Magic
 + Level 1.5 Ice Magic
 + Level 1.5 Air Magic
 + Level 1.5 Earth Magic
 + Level 1.5 Poison Magic
 + Level 2.2 Invocations
 + Level 2.0 Evocations


You had 9 spell levels left.
You knew the following spells:

 Your Spells              Type           Power      Damage    Failure   Level
a - Magic Dart            Conj           100%       1d8       1%          1
b - Searing Ray           Conj           72%        2d7       1%          2
c - Dazzling Flash        Conj/Hex       48%        N/A       4%          3

Your spell library contained the following spells:

 Spells                   Type           Power      Damage    Failure   Level
 Fulminant Prism          Conj/Hex       12%        3d8       17%         4
 Iskenderun's Mystic Bla  Conj/Tloc      24%        2d7       17%         4


Dungeon Overview and Level Annotations

Branches:
Dungeon (4/15)             Temple (1/1) D:4

Altars:
Ashenzari
Cheibriados
Dithmenos
Elyvilon
Fedhas
Gozag
Nemelex Xobeh
Okawaru
Qazlal
Ru
Sif Muna
Trog
Uskayaw
Vehumet
Wu Jian
Xom
Yredelemnul
Zin
The Shining One

Shops:
D:3 *   D:4 ?

Annotations:
D:4 Duvessa


Innate Abilities, Weirdness & Mutations

You have very sharp teeth.
Your uncanny sense of smell can sniff out nearby items.
Your experience applies equally to all skills.


Message History

Duvessa hits you with a +0 rapier of draining.
You feel drained.
You climb downwards.
Welcome back to the Ecumenical Temple!
There is a staircase back to the Dungeon here.
You climb upwards.
Welcome back to the Dungeon!
Level annotation: Duvessa Duvessa closely misses you.
There is a staircase to the Ecumenical Temple here.
Duvessa hits you with a +0 rapier of draining.
You feel drained.
You climb downwards.
Welcome back to the Ecumenical Temple!
There is a staircase back to the Dungeon here.
HP restored.
Done exploring.
You can't go down here!
You climb upwards.
Welcome back to the Dungeon!
Level annotation: Duvessa Duvessa barely misses you.
Duvessa misses you.
There is a staircase to the Ecumenical Temple here.
Casting: Magic Dart (safe; 1% risk of failure)
Confirm with . or Enter, or press ? or * to list all spells.
Casting: Dazzling Flash (dangerous; 4% risk of failure)
Press: ? - help, Dir - look around, f - activate Look: Duvessa, wielding a +0 rapier of draining and wearing a +0 leather armour (chance to dazzle: 62%) Duvessa hits you with a +0 rapier of draining!
You feel drained.
Casting: Dazzling Flash (dangerous; 4% risk of failure)
Confirm with . or Enter, or press ? or * to list all spells.
Casting: Dazzling Flash (dangerous; 4% risk of failure)
Press: ? - help, Dir - look around, f - activate Look: Duvessa, wielding a +0 rapier of draining and wearing a +0 leather armour (chance to dazzle: 62%) Duvessa is dazzled.
Duvessa hits you with a +0 rapier of draining!
* * * LOW HITPOINT WARNING * * *
You feel drained.
* * * LOW HITPOINT WARNING * * *
Duvessa hits you with a +0 rapier of draining.
* * * LOW HITPOINT WARNING * * *
You feel drained.
You die...

.# #..### ...... ....#
#########..... ..........# .
#.......# ..#.. #..#..@..#.#
..... #.....e...+## #.....
#.##........##8...∩...8 ##.
#####...............
#####..## ##.........<....#.
........###.................
∆ .........
+[.......8...8.... ##....†#
#.........###..... #....#.#
##.......###.....†


You could see Duvessa (blind).

Vanquished Creatures
  3 killer bees
  A hound (D:4)
  4 gnolls (D:3)
  3 adders
  A worm (D:4)
  2 dart slugs
  An orc (D:4)
  5 bats
  2 endoplasms (D:1)
  A giant cockroach (D:2)
  6 hobgoblins
  4 jackals (D:1)
  2 quokkas
  4 ball pythons
  2 frilled lizards
  4 goblins
  3 kobolds
  3 rats
51 creatures vanquished.

Vanquished Creatures (others)
  9 plants (D:4)
9 creatures vanquished.

Grand Total: 60 creatures vanquished

Notes
Turn   | Place    | Note
-------+----------+-------------------------------------------
     0 | D:1      | NinjaNoafa the Gnoll Conjurer began the quest for the Orb.
     0 | D:1      | Reached XP level 1. HP: 13/13 MP: 6/6
   111 | D:1      | Reached XP level 2. HP: 15/19 MP: 0/7
   579 | D:1      | Reached skill level 5 in Spellcasting
   579 | D:1      | Reached XP level 3. HP: 25/25 MP: 4/9
   631 | D:1      | Learned a level 2 spell: Searing Ray
   635 | D:1      | Learned a level 3 spell: Dazzling Flash
   847 | D:2      | Reached skill level 1 in Invocations
  1006 | D:2      | Found a sparkling altar of Nemelex Xobeh.
  1398 | D:2      | Reached skill level 1 in Fighting
  1398 | D:2      | Reached skill level 1 in Short Blades
  1398 | D:2      | Reached skill level 1 in Long Blades
  1398 | D:2      | Reached skill level 1 in Axes
  1398 | D:2      | Reached skill level 1 in Maces & Flails
  1398 | D:2      | Reached skill level 1 in Polearms
  1398 | D:2      | Reached skill level 1 in Staves
  1398 | D:2      | Reached skill level 1 in Ranged Weapons
  1398 | D:2      | Reached skill level 1 in Throwing
  1398 | D:2      | Reached skill level 1 in Armour
  1398 | D:2      | Reached skill level 1 in Shields
  1398 | D:2      | Reached skill level 1 in Unarmed Combat
  1398 | D:2      | Reached skill level 1 in Evocations
  1627 | D:2      | Reached XP level 4. HP: 32/32 MP: 3/11
  1633 | D:2      | Identified the +1 hand axe "Eskul" {antimagic, Int+2}
  2174 | D:3      | Reached skill level 1 in Hexes
  2174 | D:3      | Reached skill level 1 in Summonings
  2174 | D:3      | Reached skill level 1 in Necromancy
  2174 | D:3      | Reached skill level 1 in Translocations
  2174 | D:3      | Reached skill level 1 in Transmutations
  2174 | D:3      | Reached skill level 1 in Fire Magic
  2174 | D:3      | Reached skill level 1 in Ice Magic
  2174 | D:3      | Reached skill level 1 in Air Magic
  2174 | D:3      | Reached skill level 1 in Earth Magic
  2174 | D:3      | Reached skill level 1 in Poison Magic
  2382 | D:3      | Found a broken altar of Ashenzari.
  2479 | D:3      | Found Guus's Assorted Antiques.
  2486 | D:3      | Bought a scroll labelled OGIOREGR MUOSI for 23 gold pieces
  2486 | D:3      | Bought 2 fizzy orange potions for 41 gold pieces
  2486 | D:3      | Bought a scroll labelled MUTEEW PICY for 23 gold pieces
  2486 | D:3      | Bought an amethyst potion for 20 gold pieces
  3006 | D:4      | Reached XP level 5. HP: 37/37 MP: 6/12
  3145 | D:4      | Reached XP level 6. HP: 44/44 MP: 8/14
  3248 | D:4      | Found Janoof's Magic Scroll Boutique.
  3253 | D:4      | Reached skill level 5 in Dodging
  3273 | D:4      | Noticed Duvessa
  3303 | D:4      | Found a staircase to the Ecumenical Temple.
  3313 | Temple   | Entered the Ecumenical Temple
  3406 | Temple   | Became a worshipper of Cheibriados the Contemplative
  3538 | D:4      | Slain by Duvessa

Illustrated notes

Levels and vault maps discovered:
D:1:      minmay_arrival_four_circles, layout_rooms, nicolae_figureground_pulse
D:2:      layout_basic, basic_altar, serial_glass, glass_columns_a,
          glass_columns_c, feat_on_display, minmay_strange_pillars,
          item_on_display_a, feat_on_display, minmay_pentomino_p4
D:3:      layout_basic, mainiacjoe_overflow_catwalk, serial_shops, shop,
          chequers_garden, kennysheep_generic_room_12
D:4:      nicolae_cairo_tiling_large, layout_loops_corners,
          minmay_temple_entry_overgrown, nicolae_stop_n_shop_1,
          uniq_blork_the_orc, uniq_duvessa
Temple:   compressed_dpeg_circular_temple

Skill      XL: |  1  2  3  4  5  6 |
---------------+-------------------+-----
Spellcasting   | 5 |  5.4
Invocations    | 1 2 |  2.2
Fighting       | 1 2 |  2.0
Short Blades   | 1 2 |  2.0
Long Blades    | 1 2 |  2.0
Axes           | 1 2 |  2.0
Maces & Flails | 1 2 |  2.0
Polearms       | 1 2 |  2.0
Staves         | 1 2 |  2.0
Ranged Weapons | 1 2 |  2.0
Throwing       | 1 2 |  2.0
Armour         | 1 2 |  2.0
Shields        | 1 2 |  2.0
Unarmed Combat | 1 2 |  2.0
Evocations     | 1 2 |  2.0
Hexes          | 1 |  1.5
Summonings     | 1 |  1.5
Necromancy     | 1 |  1.5
Translocations | 1 |  1.5
Transmutations | 1 |  1.5
Fire Magic     | 1 |  1.5
Ice Magic      | 1 |  1.5
Air Magic      | 1 |  1.5
Earth Magic    | 1 |  1.5
Poison Magic   | 1 |  1.5
Dodging        | 5 |  5.0
Stealth        | |  4.6
Conjurations   | |  7.3

Action                   |  1- 3 |  4- 6 || total
-------------------------+-------+-------++-------
Melee: Unarmed           |     2 |       ||     2
       Dagger            |     5 |     4 ||     9
 Cast: Magic Dart        |    54 |    31 ||    85
       Searing Ray       |     4 |     9 ||    13
       Dazzling Flash    |       |     2 ||     2
Armor: Robe              |     3 |     1 ||     4
Dodge: Dodged            |    14 |    10 ||    24

Table legend: (Time is in decaauts)
 A = Elapsed time spent in this place.
 B = Non-inter-level travel time spent in this place.
 C = Inter-level travel time spent in this place.
 D = Time resting spent in this place.
 E = Time spent auto-exploring this place.
 F = Levels seen in this place.
 G = Mean time per level.
                   A        B        C        D        E       F      G
               +--------+--------+--------+--------+--------+-----+--------+
         Total |   3559 |   3375 |    184 |      0 |   2956 |   5 |  711.8 |
       Dungeon |   3333 |   3241 |     92 |      0 |   2842 |   4 |  833.2 |
        Temple |    225 |    134 |     91 |      0 |    114 |   1 |  225.0 |
               +--------+--------+--------+--------+--------+-----+--------+

Top non-repeatable levels by time:
     D:2: 1158 daAuts
     D:3: 1079 daAuts
     D:1: 807 daAuts
     D:4: 288 daAuts
  Temple: 225 daAuts
